 Dungeon Crawl Stone Soup version 0.25-a0-161-gb7fd73da8f (webtiles) character file.

Game seed: 13011378165977067536, levelgen mode: deterministic

9 MisterFreud the Skirmisher (level 2, 0/13 HPs)
             Began as a Felid Wanderer on Nov 21, 2019.
             Slain by a hobgoblin
             ... wielding a +0 club
              (1 damage)
             ... on level 2 of the Dungeon.
             The game lasted 00:01:42 (637 turns).

MisterFreud the Skirmisher (Felid Wanderer)          Turns: 637, Time: 00:01:42

Health: 0/13       AC:  1    Str:  7    XL:     2   Next: 3%
Magic:  6/6        EV: 15    Int: 14    God:
Gold:   0          SH:  0    Dex: 15    Spells: 5/5 levels left
                                        Lives:  0   Deaths: 0

rFire    . . .     SeeInvis +     - Unarmed
rCold    . . .     Gourm    .   (shield unavailable)
rNeg     . . .     Faith    .   (armour unavailable)
rPois    .         Spirit   .   (helmet unavailable)
rElec    .         Reflect  .   (cloak unavailable)
rCorr    .         Harm     .   (gloves unavailable)
MR       .....                  (boots unavailable)
Stlth    ++........             (no amulet)
HPRegen  0.04/turn              (no ring)
MPRegen  0.10/turn              (no ring)

@: quick
A: very small, no armour, no weapons or thrown items, stealth, claws 1, fangs 3,
see invisible, carnivore, speed 1, shaggy fur 1, slow metabolism 1, sharp paws
a: no special abilities


You were on level 2 of the Dungeon.
You were not hungry.

You visited 1 branch of the dungeon, and saw 2 of its levels.

Inventory:

Jewellery
 c - an uncursed ring of fire
Wands
 a - a wand of enslavement (13)
Scrolls
 e - a scroll of identify {unknown}
Potions
 b - a potion of lignification
Comestibles
 d - a ration


   Skills:
 + Level 2.8 Fighting
 - Level 1.3 Stealth
 - Level 2.0 Unarmed Combat
 - Level 2.0 Spellcasting
   Level 1.2 Charms
 - Level 2.1 Evocations


You had 5 spell levels left.
You didn't know any spells.
Your spell library was empty.

Dungeon Overview and Level Annotations

Branches:
Dungeon (2/15)

Altars:


Innate Abilities, Weirdness & Mutations

You cannot wear armour.
You are incapable of wielding weapons or throwing items.
Your paws allow you to move quietly. (Stealth)
You have sharp claws.
You have razor-sharp teeth.
You have supernaturally acute eyesight. (SInv)
You are carnivorous and can eat meat at any time.
You cover ground quickly.
You are covered in fur. (AC +1)
You have a slow metabolism.
Your sharp claws are effective at attacking unaware monsters.


Message History

You closely miss the jackal. The jackal closely misses you.
The jackal bites you.
You scratch the jackal. Your bite misses the jackal.
The jackal is almost dead.
The jackal closely misses you.
The frilled lizard hisses angrily.
You scratch the jackal.
You kill the jackal!
You have reached level 2!
You closely miss the frilled lizard. The frilled lizard barely misses you.
You barely miss the frilled lizard. The frilled lizard bites you.
You scratch the frilled lizard but do no damage.
Your bite misses the frilled lizard. The frilled lizard bites you.
You scratch the frilled lizard but do no damage.
The kobold completely misses you. The frilled lizard barely misses you.
The kobold hits you.
* * * LOW HITPOINT WARNING * * *
There is a stone staircase leading down, spattered with blood here.
You climb downwards.
The hobgoblin hits you with a +0 club.
You die...

....### .#..
..#..#. ###.#..
.......#.......
..........%)....
......$..........
.......r.........
.......g.........
.......@.........
......l..........
#................
.............#.
..#........### #
#........#
##.......#
#.......#
#.......#


You could see a leopard gecko, a quokka and a hobgoblin.

Vanquished Creatures
  A bat (D:1)
  A giant cockroach (D:1)
  2 jackals (D:1)
  2 kobolds (D:1)
  A rat (D:1)
7 creatures vanquished.

Vanquished Creatures (others)
  A jackal (D:1)
1 creature vanquished.

Grand Total: 8 creatures vanquished

Notes
Turn   | Place    | Note
-------+----------+-------------------------------------------
     0 | D:1      | MisterFreud the Felid Wanderer began the quest for the Orb.
     0 | D:1      | MisterFreud set off with the following items: a wand of
                  | enslavement (15), a potion of lignification, a potion of
                  | curing, a ration
     0 | D:1      | Reached XP level 1. HP: 9/9 MP: 4/4
   607 | D:1      | Reached XP level 2. HP: 10/13 MP: 6/6
   637 | D:2      | Slain by a hobgoblin

Levels and vault maps discovered:
D:1:      lightli_arrival_isolated_outpost, layout_basic, serial_forest,
          infiniplex_forest_lined_corner, infiniplex_forest_diagonal,
          infiniplex_forest_straight_3, infiniplex_forest_lined_room_3
D:2:      layout_rooms, first_ration

Action                   || total
-------------------------++-------
Melee: Unarmed           ||    35
       Bite              ||     3
Evoke: Wand              ||     2
  Use: Potion            ||     1
  Eat: Chunk             ||     1
Armor: Skin              ||     5
Dodge: Dodged            ||    33

Table legend:
 A = Non-vault XP
 B = Vault XP
 C = Vault XP percentage of total XP
 D = Non-vault monster count
 E = Vault monster count
 F = Vault count percentage of total count
                 A         B        C        D         E       F
            +---------+---------+-------+---------+---------+-------
      Total |      13 |       0 |   0.0 |       7 |       0 |   0.0
            +---------+---------+-------+---------+---------+-------
        D:1 |      13 |       0 |   0.0 |       7 |       0 |   0.0
            +---------+---------+-------+---------+---------+-------
